 Dungeon Crawl Stone Soup version 0.27.1 (webtiles) character file.

Game seed: 10780412825393145370

96 MajorAdolf the Conjurer (level 4, -2/36 HPs)
             Began as a Naga Wanderer on Aug 28, 2021.
             Slain by Natasha (6 damage)
             ... on level 2 of the Dungeon.
             The game lasted 00:03:35 (3252 turns).

MajorAdolf the Conjurer (Naga Wanderer)             Turns: 3252, Time: 00:03:36

Health: -2/36      AC:  2    Str: 14    XL:     4   Next: 67%
Magic:  1/8        EV:  9    Int: 14    God:
Gold:   85         SH:  0    Dex: 10    Spells: 8/9 levels left

rFire    . . .     SeeInvis +   m - +3 dagger
rCold    . . .     Faith    .   (no shield)
rNeg     . . .     Spirit   .   b - +0 robe
rPois    +         Reflect  .   (no helmet)
rElec    .         Harm     .   (no cloak)
rCorr    .         Rampage  .   (no gloves)
Will     .....                  (no barding)
Stlth    ++........             (no amulet)
HPRegen  0.12/turn              (no ring)
MPRegen  0.11/turn              (no ring)

@: very slightly contaminated, very slow
A: AC +1, large, see invisible, deformed body, poison resistance, slowness 2,
spit poison 1, naga tail 1
a: Spit Poison


You were on level 2 of the Dungeon.
You visited 1 branch of the dungeon, and saw 2 of its levels.

You collected 85 gold pieces.

Inventory:

Hand Weapons
 a - a +0 club
 d - a +0 dagger
 m - a +3 dagger (weapon)
Armour
 b - a +0 robe (worn)
Wands
 n - a wand of charming (8)
Scrolls
 c - 2 scrolls of teleportation
 f - a scroll of vulnerability {unknown}
 h - a scroll of silence {unknown}
 i - a scroll of acquirement {unknown}
 j - 3 scrolls of immolation {unknown}
 o - a scroll of brand weapon {unknown}
 p - a scroll of enchant armour {unknown}
Potions
 e - 2 potions of invisibility {unknown}
 g - a potion of curing {unknown}
 k - 2 potions of lignification {unknown}
 l - a potion of might {unknown}


   Skills:
 - Level 3.0 Stealth
 - Level 3.0 Spellcasting
 + Level 4.1 Conjurations
 - Level 2.0 Necromancy
 - Level 4.0 Poison Magic


You had 8 spell levels left.
You knew the following spells:

 Your Spells              Type           Power      Damage    Failure   Level
a - Magic Dart            Conj           52%        1d5       4%          1

Your spell library contained the following spells:

 Spells                   Type           Power      Damage    Failure   Level
 Animate Skeleton         Necr           14%        N/A       10%         1
 Pain                     Necr           28%        1d5       10%         1
 Sting                    Tmut/Pois      28%        1d4       10%         1
 Mephitic Cloud           Conj/Pois/Air  9%         N/A       22%         3
 Conjure Flame            Conj/Fire      7%         6-21      28%         3
 Vampiric Draining        Necr           3%         2d6       28%         3
 Blink                    Tloc           N/A        N/A       32%         2
 Call Imp                 Summ           2%         N/A       32%         2
 Passwall                 Tmut/Erth      1%         N/A       32%         2
 Slow                     Hex            2%         N/A       32%         2
 Ignite Poison            Fire/Tmut/Pois 5%         N/A       36%         3
 Swiftness                Air            2%         N/A       54%         3
 Invisibility             Hex            1%         N/A       100%        6


Dungeon Overview and Level Annotations

Branches:
Dungeon (2/15)

Altars:
Okawaru

Annotations:
D:2 Natasha


Innate Abilities, Weirdness & Mutations

Your serpentine skin is tough. (AC +1)
You have supernaturally acute eyesight. (SInv)
Armour fits poorly on your strangely shaped body.
Your system is resistant to poisons. (rPois)
You cover ground very slowly.
You can spit poison.
You have a snake-like lower body.


Message History

The shadow imp is lightly wounded.
The shadow imp hits you.
The magic dart hits the shadow imp.
The shadow imp is moderately wounded.
The shadow imp hits you. The shadow imp gestures at you.
Pain shoots through your body!
The shadow imp summons a swarm of flies.
The shadow imp hits you.
Natasha stares at you and mumbles some strange words.
The magic dart hits you!
* * * LOW HITPOINT WARNING * * *
Unknown command.
Press: ? - help, Shift-Dir - straight line, f/p - shadow imp
Aim: a shadow imp (lightly wounded, summoned)
The splash of poison hits the shadow imp.
The shadow imp is poisoned.
The shadow imp is moderately wounded.
The shadow imp barely misses you. Natasha claws you.
* * * LOW HITPOINT WARNING * * *
Casting: Magic Dart (safe; 4% risk of failure)
Confirm with . or Enter, or press ? or * to list all spells.
Aiming: Magic Dart (safe; 4% risk of failure)
Press: ? - help, Shift-Dir - straight line, f - Natasha, p - shadow imp
Aim: Natasha (severely wounded, 100% to hit)
You miscast Magic Dart.
You are very lightly contaminated with residual magic.
Nothing appears to happen.
The shadow imp hits you.
* * * LOW HITPOINT WARNING * * *
Natasha barely misses you.
Casting: Magic Dart (safe; 4% risk of failure)
Confirm with . or Enter, or press ? or * to list all spells.
Aiming: Magic Dart (safe; 4% risk of failure)
Press: ? - help, Shift-Dir - straight line, f/p - Natasha
Aim: Natasha (severely wounded, 100% to hit)
The magic dart hits Natasha.
Natasha is almost dead.
You have got your breath back.
The shadow imp closely misses you. Natasha claws you.
You die...

#>.................
#......####....##.#
#.###### #....# #
###'##### #....# .##.#
#.......#####....##.##...
### .
#.......'............'...
... ..
........#....##...####..
#..##. ##.##...#....
#.h.# #..## #..##. .†.#
........ #.@5#
#...###..##. ...#
........ #(..#
#....##..... _..#####....
#...# #..##.....
............
#...######..##.....
...########
##'#)........#..... ####
#.#.#.......#..###
#####.#.#^......#..###
#.......'.............
#......##.......#..##.


You could see Natasha and a shadow imp (summoned, poisoned).

Vanquished Creatures
  Natasha (D:2)
  2 adders (D:2)
  A dart slug (D:1)
  2 endoplasms
  9 goblins
  5 hobgoblins
  A quokka (D:2)
  6 ball pythons
  7 bats
  3 frilled lizards (D:2)
  6 kobolds
  9 rats
52 creatures vanquished.

Notes
Turn   | Place    | Note
-------+----------+-------------------------------------------
     0 | D:1      | MajorAdolf the Naga Wanderer began the quest for the Orb.
     0 | D:1      | MajorAdolf set off with the following items: a +0 club, a
                  | +0 robe, a scroll of teleportation, a +0 dagger; and the
                  | following spells available to memorise: Sting, Magic Dart,
                  | Blink, Call Imp, Slow, Ignite Poison, Mephitic Cloud,
                  | Conjure Flame
     0 | D:1      | Reached XP level 1. HP: 15/15 MP: 4/4
     2 | D:1      | Learned a level 1 spell: Magic Dart
   155 | D:1      | Reached skill level 1 in Conjurations
   515 | D:1      | Reached XP level 2. HP: 16/22 MP: 0/6
  1481 | D:1      | Reached XP level 3. HP: 14/28 MP: 2/7
  2401 | D:2      | Reached XP level 4. HP: 36/36 MP: 6/8
  2418 | D:2      | Found an iron altar of Okawaru.
  2457 | D:2      | Found a faded altar of an unknown god.
  2517 | D:2      | Noticed Natasha
  2524 | D:2      | Killed Natasha
  3239 | D:2      | Noticed Natasha
  3252 | D:2      | Slain by Natasha

Illustrated notes

Levels and vault maps discovered:
D:1:      lemuel_arrival_cross, layout_rooms, dk_noncrumbling_4,
          minmay_misc_feat_enclosed, minmay_shallow_snake_nest
D:2:      wad_crossroads, layout_basic, basic_altar,
          ebering_ecumenical_altar_sacrificial, uniq_natasha

Skill      XL: |  1  2  3  4 |
---------------+-------------+-----
Conjurations   | 1 2 3 4 |  4.1
Stealth        | |  3.0
Spellcasting   | |  3.0
Necromancy     | |  2.0
Poison Magic   | |  4.0

Action                   |  1- 3 |  4- 6 || total
-------------------------+-------+-------++-------
Melee: Dagger            |    25 |       ||    25
 Cast: Magic Dart        |    66 |    38 ||   104
 Abil: Spit Poison       |    13 |     1 ||    14
Armor: Robe              |     6 |     1 ||     7
Dodge: Dodged            |    21 |     4 ||    25
